 Dungeon Crawl Stone Soup version 0.29.1-2-gbd0b4ee654 (webtiles) character file.

Game seed: 13607504307872224705

350 LustLizard the Chopper (level 6, 0/55 HPs)
             Began as a Hill Orc Monk on Nov 21, 2022.
             Was a Believer of Beogh.
             Slain by a gnoll
             ... wielding a +0 spear
             ... led by a gnoll bouda
              (2 damage)
             ... on level 5 of the Dungeon.
             The game lasted 00:11:43 (3935 turns).

LustLizard the Chopper (Hill Orc Monk)              Turns: 3935, Time: 00:11:43

Health: 0/55       AC: 13    Str: 16    XL:     6   Next: 60%
Magic:  6/6        EV: 11    Int: 10    God:    Beogh [**....]
Gold:   232        SH:  0    Dex: 13    Spells: 5/5 levels left

rFire   . . .      SeeInvis .   C - +0 broad axe
rCold   . . .      Faith    .   (no shield)
rNeg    . . .      Spirit   .   i - +0 chain mail
rPois   .          Reflect  .   (no helmet)
rElec   .          Harm     .   (no cloak)
rCorr   .          Rampage  .   (no gloves)
Will    .....                   p - +0 pair of boots
Stlth   ..........              (no amulet)
HPRegen 0.18/turn               u - +4 ring of evasion
MPRegen 0.10/turn               x - +4 ring of protection

@: confused
A: no striking features
a: Renounce Religion, Smiting


You were on level 5 of the Dungeon.
You worshipped Beogh.
Beogh was pleased with you.
You visited 1 branch of the dungeon, and saw 5 of its levels.

You collected 232 gold pieces.

Inventory:

Hand Weapons
 a - a +0 hand axe
 C - a +0 broad axe (weapon)
Missiles
 g - 21 stones (quivered)
 h - 4 curare-tipped darts
 w - 16 poisoned darts
Armour
 b - a +0 robe
 i - a +0 chain mail (worn)
 p - a +0 pair of boots (worn)
 r - a +3 leather armour
Jewellery
 u - a +4 ring of evasion (left hand)
 x - a +4 ring of protection (right hand)
 z - a ring of poison resistance
 D - a ring of protection from fire
Scrolls
 e - a scroll of blinking {unknown}
 j - a scroll of identify {unknown}
 k - a scroll of amnesia {unknown}
 l - 5 scrolls of vulnerability
 o - 3 scrolls of noise
 s - 2 scrolls of magic mapping {unknown}
 v - a scroll of teleportation {unknown}
 y - a scroll of fear {unknown}
 A - 2 scrolls of brand weapon {unknown}
 B - a scroll of enchant armour {unknown}
Potions
 d - 2 potions of lignification {unknown}
 f - 2 potions of might {unknown}
 m - a potion of curing {unknown}
 n - 5 potions of attraction {unknown}
 q - 2 potions of flight {unknown}
 t - 4 potions of heal wounds {unknown}


   Skills:
 + Level 4.8 Fighting
 * Level 6.4 Axes
 * Level 3.0 Throwing
 - Level 2.4 Dodging
 + Level 2.8 Stealth


You had 5 spell levels left.
You didn't know any spells.
Your spell library was empty.

Dungeon Overview and Level Annotations

Branches:
Dungeon (5/15)             Temple (0/1) D:4

Altars:
Cheibriados
Fedhas
Qazlal
Vehumet
Wu Jian


Message History

You are more confused.
You feel invigorated. Something hits you.
* * * LOW HITPOINT WARNING * * *
The gnoll closely misses you.
You miss something.
You hear some strange, mumbled words.
A magic dart appears from out of thin air!
The magic dart hits you.
* * * LOW HITPOINT WARNING * * *
The gnoll hits you but does no damage.
You bump into the rock wall.
You feel less invigorated. Something hits you but does no damage.
The gnoll barely misses you.
You barely miss something. Something hits you but does no damage.
The gnoll barely misses you. Something hits you.
* * * LOW HITPOINT WARNING * * *
You bump into the rock wall.
Something hits you but does no damage. The gnoll barely misses you.
You feel less confused.
You hear some strange, mumbled words.
You are confused.
Something hits you but does no damage.
The gnoll hits you from afar with a +0 spear.
* * * LOW HITPOINT WARNING * * *
You barely miss something.
You hear some strange, mumbled words.
A magic dart appears from out of thin air!
The magic dart hits you but does no damage.
The gnoll hits you but does no damage.
You bump into the rock wall.
Something hits you.
* * * LOW HITPOINT WARNING * * *
The gnoll hits you but does no damage.
You barely miss something. Something completely misses you.
The gnoll hits you from afar with a +0 spear.
* * * LOW HITPOINT WARNING * * *
Something hits you but does no damage.
You bump into the rock wall.
You hear the slow rusting of a very distant drain.
The gnoll hits you from afar with a +0 spear.
You die...

# .............#.#
#.# #.#
#.##.#.........#.#
#.# #.#
...............#.#
#.# #.#
#..o..##.#####.#.#
#.# #.#
o..g.....oo#..[#.#
#.###.#
.####.##.#g#.###.#
#.....# # #..#g#.#
#.# #######
#.##{#.###.# ..
#@#.....# .##
#.####### .. #.#
.# #.# #.. ###


You could see 2 gnolls and 2 orcs.

Vanquished Creatures
  A black bear (D:4)
  A gnoll bouda (D:5)
  2 jellies (D:4)
  2 iguanas
  4 adders
  2 dart slugs (D:2)
  8 orcs
  11 endoplasms
  4 giant cockroaches
  6 goblins
  5 hobgoblins
  9 kobolds
  4 quokkas
  5 ball pythons
  5 frilled lizards
  5 rats
  A spectral hobgoblin (D:2)
75 creatures vanquished.

Vanquished Creatures (others)
  An endoplasm (D:4)
1 creature vanquished.

Grand Total: 76 creatures vanquished

Notes
Turn   | Place    | Note
-------+----------+-------------------------------------------
     0 | D:1      | LustLizard the Hill Orc Monk began the quest for the Orb.
     0 | D:1      | Reached XP level 1. HP: 19/19 MP: 1/1
   285 | D:1      | Reached XP level 2. HP: 27/27 MP: 2/2
  1304 | D:2      | You fall into a shaft and drop 2 floors!
  1349 | D:3      | Reached skill level 1 in Throwing
  1464 | D:3      | Reached XP level 3. HP: 33/33 MP: 3/3
  1778 | D:3      | Found a radiant altar of Vehumet.
  1818 | D:3      | Reached XP level 4. HP: 35/40 MP: 4/4
  2109 | D:2      | Reached skill level 5 in Axes
  2280 | D:2      | Reached XP level 5. HP: 39/46 MP: 5/5
  2446 | D:2      | Found a faded altar of an unknown god.
  2753 | D:4      | Found an ornate altar of the Wu Jian Council.
  2969 | D:4      | Reached skill level 6 in Axes
  3113 | D:4      | Reached XP level 6. HP: 51/53 MP: 6/6
  3140 | D:4      | Found a staircase to the Ecumenical Temple.
  3235 | D:4      | Noticed a black bear
  3258 | D:4      | Killed a black bear
  3371 | D:4      | Found a blossoming altar of Fedhas.
  3381 | D:4      | Became a worshipper of Beogh the Brigand
  3381 | D:4      | Reached * piety under Beogh
  3381 | D:4      | Reached ** piety under Beogh
  3732 | D:4      | Found a stormy altar of Qazlal.
  3732 | D:4      | Found a snail-covered altar of Cheibriados.
  3789 | D:5      | Entered Level 5 of the Dungeon
  3934 | D:5      | HP: 2/55 [gnoll/+0 spear[a gnoll bouda] (3)]
  3935 | D:5      | Slain by a gnoll

Illustrated notes

Levels and vault maps discovered:
D:1:      ebering_trefoil_twist, layout_basic, serial_forest,
          infiniplex_forest_clump_curved, infiniplex_forest_clump_C,
          infiniplex_forest_zigzag_2, infiniplex_forest_end_2,
          infiniplex_forest_end_2, infiniplex_forest_clump_small,
          infiniplex_forest_lined_corner, infiniplex_forest_lined_ring,
          infiniplex_forest_clump_curved, minmay_misc_feat_four_crosses,
          minmay_indecisive_spiral
D:2:      layout_basic, dreamdust_ecumenical_altar_drowned_temple
D:3:      layout_basic, lemuel_crystal_altar, minmay_misc_feat_encased
D:4:      layout_cave_pods, nicolae_overflow_crystal_walls,
          mainiacjoe_overflow_six_doors_small,
          gammafunk_temple_overflow_elements, minmay_temple_entry_nine_rooms
D:5:      layout_basic, cheibrodos_sewer_entry_bend, grunt_tough_drop

Skill      XL: |  1  2  3  4  5  6 |
---------------+-------------------+-----
Throwing       | 1 2 3 |  3.0
Stealth        | 2 |  2.8
Fighting       | 4 |  4.8
Axes           | 5 6 |  6.4
Dodging        | |  2.4

Action                   |  1- 3 |  4- 6 || total
-------------------------+-------+-------++-------
Melee: Hand axe          |   133 |   120 ||   253
       Punch             |     3 |       ||     3
       Broad axe         |       |    27 ||    27
Throw: Stone             |     3 |    11 ||    14
       Dart              |       |     9 ||     9
Invok: Convert to Beogh  |       |     1 ||     1
  Use: Scroll            |     1 |     1 ||     2
       Potion            |       |     1 ||     1
 Stab: Distracted        |     1 |       ||     1
Armor: Chain mail        |    76 |    82 ||   158
Dodge: Dodged            |    45 |    64 ||   109
